 Dungeon Crawl Stone Soup version 0.29.0-4-gdea44cf6ec (webtiles) character file.

Game seed: 2833279681064875768

265 qw the Chopper (level 6, -1/43 HPs)
             Began as a Barachi Chaos Knight on Sept 5, 2022.
             Slain by an orc warrior
             ... wielding a +2 scimitar of protection
              (7 damage)
             ... on level 6 of the Dungeon.
             The game lasted 00:01:18 (2835 turns).

qw the Chopper (Barachi Chaos Knight)               Turns: 2835, Time: 00:01:18

Health: -1/43      AC: 14    Str: 13      XL:     6   Next: 20%
Magic:  6/6        EV:  3    Int: 13      God:
Gold:   95         SH:  0    Dex: 10 (11) Spells: 5/5 levels left

rFire   . . .      SeeInvis .   Y - +3 hand axe (chaos)
rCold   . . .      Faith    .   (no shield)
rNeg    . . .      Spirit   .   m - +3 plate armour
rPois   .          Reflect  .   (no helmet)
rElec   .          Harm     .   (no cloak)
rCorr   .          Rampage  .   (no gloves)
Will    .....      Clarity  +   (no boots)
Stlth   ..........              (no amulet)
HPRegen 0.14/turn               (no ring)
MPRegen 0.10/turn               (no ring)

@: slow
A: amphibious, slowness 1, strong legs 1, +LOS, clarity, deterioration 1, frail
1, weak 1, evolution 1
a: Hop


You were on level 6 of the Dungeon.
You visited 1 branch of the dungeon, and saw 4 of its levels.

You collected 95 gold pieces.


Innate Abilities, Weirdness & Mutations

You are amphibious.
You cover ground slowly.
You can hop short distances.
You have an extended range of vision and can be seen from far away.
You possess an exceptional clarity of mind.
Your body sometimes deteriorates upon taking damage.
You are frail. (-10% HP)
You are weak. (Str -2)
You have hidden genetic potential.


   Skills:
 - Level 4.0 Fighting
 - Level 7.0 Axes
 + Level 3.0 Armour
 - Level 1.2 Dodging


You had 5 spell levels left.
You didn't know any spells.
Your spell library was empty.

Inventory:

Hand Weapons
 f - a +0 whip
 Y - a +3 hand axe of chaos (weapon)
Armour
 m - a +3 plate armour (worn)
Scrolls
 g - a scroll of identify
Potions
 a - a potion of degeneration {unknown}
 d - a potion of lignification {unknown}
 e - 3 potions of curing
 i - a potion of cancellation {unknown}
 j - a potion of brilliance {unknown}
Miscellaneous
 c - a piece from Xom's chessboard (15/15)

Dungeon Overview and Level Annotations

Branches:
Dungeon (6/15)
 Temple: D:4-7

Altars:
Xom


Message History

You hit the orc.
The orc is devoured by a tear in reality.
You feel sick. The orc hits you but does no damage.
Your Armour skill increases to level 3!
You barely miss the orc.
The orc is severely wounded.
You hit the orc warrior but do no damage.
You feel sick. The orc hits you but does no damage.
The orc warrior barely misses you.
You hit the orc.
You kill the orc!
You closely miss the orc warrior.
The orc warrior hits you with a +2 scimitar of protection.
You hit the orc warrior.
Lightning courses through the orc warrior!!
The orc warrior is almost dead.
You feel sick.
The orc warrior hits you with a +2 scimitar of protection!
2830 ||| DRINKING potion of heal wounds.
You feel much better.
You feel sick.
You are no longer poisoned.
The orc warrior hits you with a +2 scimitar of protection!
You closely miss the orc warrior.
The orc warrior is almost dead.
The orc warrior completely misses you.
You hit the orc warrior.
The orc warrior is almost dead.
The orc warrior hits you with a +2 scimitar of protection!
You barely miss the orc warrior.
The orc warrior is almost dead.
The orc warrior barely misses you.
You hit the orc warrior but do no damage.
The orc warrior seems to grow stronger.
The orc warrior is almost dead.
The orc warrior hits you but does no damage.
You completely miss the orc warrior.
The orc warrior is almost dead.
The orc warrior hits you with a +2 scimitar of protection!
You die...

#######
#[..@<#
#.###o#
#.# ...
#.#
.##.#
#.# ..
# #.#
.. #..
#.# ...
.# ...
.#


You could see an orc warrior (strong).

Vanquished Creatures
  Sigmund (D:2)
  An orc wizard (D:6)
  2 adders
  3 worms
  A dart slug (D:1)
  2 orcs (D:6)
  4 bats (D:2)
  5 endoplasms
  A giant cockroach (D:1)
  4 hobgoblins
  5 quokkas
  8 ball pythons
  3 frilled lizards
  5 goblins
  10 kobolds
  4 rats
59 creatures vanquished.

Vanquished Creatures (others)
  A giant cockroach zombie (D:1)
1 creature vanquished.

Grand Total: 60 creatures vanquished

Notes
Turn   | Place    | Note
-------+----------+-------------------------------------------
     0 | D:1      | qw the Barachi Chaos Knight began the quest for the Orb.
     0 | D:1      | Reached XP level 1. HP: 18/18 MP: 1/1
     0 | D:1      | 0 ||| qw: Version: 0.1-a-104-g96f76f8
     0 | D:1      | 0 ||| qw: Game counter: 5802
     0 | D:1      | 0 ||| qw: Always use a shield: true
     0 | D:1      | 0 ||| qw: God list: Okawaru
     0 | D:1      | 0 ||| qw: Allow faded altars: false
     0 | D:1      | 0 ||| qw: Do Orc after D:15 true
     0 | D:1      | 0 ||| qw: Do second Lair branch before Depths: true
     0 | D:1      | 0 ||| qw: Lair rune preference: random
     0 | D:1      | 0 ||| qw: Plans: Normal
     0 | D:1      | 0 ||| PLANNING D:1-11
     0 | D:1      | Fell from the grace of Xom
   157 | D:1      | 157 ||| READING scroll labelled BAOSUUPSOV.
   158 | D:1      | 158 ||| READING scroll labelled WYMOCE VORI.
   159 | D:1      | 159 ||| Stepping randomly (stuck).
   235 | D:1      | 235 ||| Stepping ~*~*~tactically~*~*~ (stealth).
   242 | D:1      | 242 ||| Stepping ~*~*~tactically~*~*~ (stealth).
   252 | D:1      | Reached XP level 2. HP: 19/24 MP: 2/2
   262 | D:1      | 262 ||| Stepping ~*~*~tactically~*~*~ (stealth).
   279 | D:1      | 279 ||| Stepping ~*~*~tactically~*~*~ (stealth).
   311 | D:1      | 311 ||| Stepping ~*~*~tactically~*~*~ (stealth).
   342 | D:1      | Reached skill level 4 in Axes
   344 | D:1      | XOM: give mutation
   344 | D:1      | Gained mutation: You are resistant to electric shocks.
                  | (rElec) [Xom's mischief]
   374 | D:1      | 374 ||| Stepping ~*~*~tactically~*~*~ (stealth).
   489 | D:1      | 489 ||| Stepping ~*~*~tactically~*~*~ (stealth).
   540 | D:1      | 540 ||| Stepping ~*~*~tactically~*~*~ (stealth).
   541 | D:1      | 541 ||| Stepping ~*~*~tactically~*~*~ (stealth).
   553 | D:1      | 553 ||| Stepping ~*~*~tactically~*~*~ (stealth).
   554 | D:1      | 554 ||| Stepping ~*~*~tactically~*~*~ (stealth).
   566 | D:1      | 566 ||| Stepping ~*~*~tactically~*~*~ (stealth).
   738 | D:1      | 738 ||| Stepping ~*~*~tactically~*~*~ (hiding).
   807 | D:1      | Found a faded altar of an unknown god.
   879 | D:1      | XOM: give mutation
   879 | D:1      | Gained mutation: You are clumsy. (Dex -2) [Xom's mischief]
  1038 | D:1      | Reached XP level 3. HP: 28/29 MP: 3/3
  1397 | D:1      | 1397 ||| READING 3 scrolls labelled FIG PAGOOL URRUIT.
  1398 | D:1      | 1398 ||| READING 2 scrolls of enchant weapon.
  1398 | D:1      | 1398 ||| ENCHANTING +1 hand axe of chaos.
  1399 | D:1      | 1399 ||| READING scroll of enchant weapon.
  1399 | D:1      | 1399 ||| ENCHANTING +2 hand axe of chaos.
  1400 | D:1      | 1400 ||| READING scroll labelled XITAOH TUWUCK.
  1401 | D:1      | 1401 ||| READING scroll labelled GOIHUI JOQAHO.
  1402 | D:1      | 1402 ||| READING scroll labelled VYTTAA ZUUWYS.
  1403 | D:1      | 1403 ||| READING 2 scrolls of identify.
  1403 | D:1      | 1403 ||| IDENTIFYING red potion
  1492 | D:2      | 1492 ||| Stepping ~*~*~tactically~*~*~ (stealth).
  1636 | D:2      | Reached skill level 5 in Axes
  1943 | D:2      | Noticed Sigmund
  1953 | D:2      | Killed Sigmund
  1954 | D:2      | Reached skill level 6 in Axes
  1954 | D:2      | Reached XP level 4. HP: 30/36 MP: 4/4
  1954 | D:2      | Reached XP level 5. HP: 35/41 MP: 5/5
  2091 | D:2      | XOM: give mutations
  2091 | D:2      | Gained mutation: Armour fits poorly on your strangely
                  | shaped body. [Xom's mischief]
  2091 | D:2      | Gained mutation: You occasionally shout uncontrollably at
                  | your foes. [Xom's mischief]
  2091 | D:2      | Lost mutation: Armour fits poorly on your strangely shaped
                  | body. [Xom's mischief]
  2091 | D:2      | Gained mutation: Your body sometimes deteriorates upon
                  | taking damage. [Xom's mischief]
  2240 | D:2      | 2240 ||| Stepping ~*~*~tactically~*~*~ (stealth).
  2243 | D:2      | 2243 ||| Stepping ~*~*~tactically~*~*~ (stealth).
  2244 | D:2      | 2244 ||| Stepping ~*~*~tactically~*~*~ (stealth).
  2341 | D:2      | XOM: give mutations
  2341 | D:2      | Gained mutation: You are frail. (-10% HP) [Xom's mischief]
  2341 | D:2      | Gained mutation: You are weak. (Str -2) [Xom's mischief]
  2450 | D:2      | 2450 ||| READING scroll labelled PIV XYEMUCOS.
  2451 | D:2      | 2451 ||| DRINKING 2 ruby potions.
  2452 | D:2      | 2452 ||| READING 2 scrolls of identify.
  2452 | D:2      | 2452 ||| IDENTIFYING sedimented emerald potion
  2453 | D:2      | 2453 ||| DRINKING potion of mutation.
  2453 | D:2      | Lost mutation: You are clumsy. (Dex -2) [potion of
                  | mutation]
  2453 | D:2      | Lost mutation: You are resistant to electric shocks.
                  | (rElec) [potion of mutation]
  2453 | D:2      | Lost mutation: You occasionally shout uncontrollably at
                  | your foes. [potion of mutation]
  2453 | D:2      | Gained mutation: You have hidden genetic potential. [potion
                  | of mutation]
  2453 | D:2      | Gained mutation: You possess an exceptional clarity of
                  | mind. [potion of mutation]
  2454 | D:2      | 2454 ||| DROPPING potion of flight.
  2568 | D:3      | Reached XP level 6. HP: 43/43 MP: 6/6
  2632 | D:3      | Reached skill level 7 in Axes
  2649 | D:3      | XOM: scenery: create altars
  2785 | D:3      | You fall into a shaft and drop 3 floors!
  2786 | D:6      | 2786 ||| UPGRADING to +0 scale mail.
  2796 | D:6      | 2796 ||| DROPPING +2 leather armour.
  2797 | D:6      | 2797 ||| UPGRADING to +3 plate armour.
  2807 | D:6      | 2807 ||| DROPPING +0 scale mail.
  2808 | D:6      | 2808 ||| READING scroll labelled MUBBIU EXEKAOKH.
  2809 | D:6      | 2809 ||| DRINKING 2 murky silvery potions.
  2812 | D:6      | Noticed an orc warrior
  2813 | D:6      | 2813 ||| Stepping ~*~*~tactically~*~*~ (hiding).
  2827 | D:6      | Reached skill level 3 in Armour
  2829 | D:6      | HP: 2/43 [orc warrior/+2 scimitar of protection (11)]
  2830 | D:6      | 2830 ||| DRINKING potion of heal wounds.
  2835 | D:6      | Slain by an orc warrior

Levels and vault maps discovered:
D:1:      heliophobic_arrival_ceremonial_halls, layout_loops_ring,
          hellmonk_ecumenical_altar_run_dry, reono_crystal_passage,
          lemuel_flame_loot_1
D:2:      layout_basic, uniq_sigmund
D:3:      layout_loops_corners
D:6:      layout_basic, tso_metal_star, mainiacjoe_overflow_24_doors,
          gammafunk_temple_overflow_wave, ebering_ghost_xom,
          kennysheep_pointless_box, grunt_ministairs_15

Skill      XL: |  1  2  3  4  5  6 |
---------------+-------------------+-----
Axes           | 4 6 7 |  7.0
Fighting       | 4 |  4.0
Armour         | 3 |  3.0
Dodging        | |  1.2

Action                   |  1- 3 |  4- 6 || total
-------------------------+-------+-------++-------
Melee: Hand axe          |   107 |    58 ||   165
       Punch             |       |     1 ||     1
Invok: Renounce Religion |     1 |       ||     1
  Use: Scroll            |     9 |     3 ||    12
       Potion            |       |     4 ||     4
Armor: Leather armour    |    26 |    13 ||    39
       Plate armour      |       |     9 ||     9
Dodge: Dodged            |    44 |    20 ||    64

Table legend:
 A = Non-vault XP
 B = Vault XP
 C = Vault XP percentage of total XP
 D = Non-vault monster count
 E = Vault monster count
 F = Vault count percentage of total count
                 A         B        C        D         E       F
            +---------+---------+-------+---------+---------+-------
      Total |     165 |     214 |  56.5 |      59 |       1 |   1.7
            +---------+---------+-------+---------+---------+-------
        D:1 |      39 |       0 |   0.0 |      24 |       0 |   0.0
        D:2 |      54 |     214 |  79.9 |      24 |       1 |   4.0
        D:3 |      30 |       0 |   0.0 |       7 |       0 |   0.0
        D:6 |      42 |       0 |   0.0 |       4 |       0 |   0.0
            +---------+---------+-------+---------+---------+-------
